 Dungeon Crawl Stone Soup version 0.30-a0-867-g305f33218d (webtiles) character file.

Game seed: 16728331534638217094

267 Pimp the Insei (level 6, -9/40 HPs)
             Began as an Octopode Transmuter on Mar 10, 2023.
             Mangled by a gnoll
             ... wielding a +0 flail
              (12 damage)
             ... on level 4 of the Dungeon.
             The game lasted 00:13:15 (3064 turns).

Pimp the Insei (Octopode Transmuter)                Turns: 3064, Time: 00:13:15

Health: -9/40      AC:  1    Str:  9    XL:     6   Next: 21%
Magic:  9/10       EV: 18    Int: 17    God:
Gold:   132        SH:  0    Dex: 13    Spells: 2/10 levels left

rFire   . . .      SeeInvis .      - Unarmed
rCold   . . .      Faith    .    (no shield)
rNeg    . . .      Spirit   .    (helmet currently unavailable)
rPois   .          Reflect  .    (no amulet)
rElec   .          Rampage  .    o - +5 ring of evasion
rCorr   .                        (no ring)
Will    .....                    (no ring)
Stlth   +++                      (no ring)
HPRegen 0.26/turn                (no ring)
MPRegen 0.12/turn                (no ring)
                                 (no ring)
                                 (no ring)

@: appendages, hasted, very quick
A: tentacle spike 3, almost no armour, amphibious, 8 rings, camouflage 1,
gelatinous body 1, (nimble swimmer 1), tentacles
a: End Transformation


You were on level 4 of the Dungeon.
One of your tentacles had grown a beastly spike.
You visited 1 branch of the dungeon, and saw 4 of its levels.

You collected 132 gold pieces.

Inventory:

Missiles
 p - 4 poisoned darts (quivered)
Jewellery
 o - a +5 ring of evasion (left tentacle)
Scrolls
 c - a scroll of amnesia
 e - 3 scrolls of teleportation
 i - a scroll of magic mapping
 n - a scroll of fog
Potions
 a - a potion of lignification
 b - a potion of cancellation
 d - a potion of haste
 f - 2 potions of curing
 g - a potion of magic
 h - 3 potions of degeneration {unknown}
 j - a potion of might {unknown}
 k - 2 potions of attraction {unknown}
 l - a potion of heal wounds {unknown}
 m - 3 potions of flight


   Skills:
 + Level 2.3 Fighting
 + Level 2.9 Dodging
 - Level 2.0 Stealth
 + Level 3.7 Unarmed Combat
 + Level 2.8 Spellcasting
 + Level 2.8 Transmutations
 + Level 1.1 Ice Magic
 * Level 2.7 Poison Magic


You had 2 spell levels left.
You knew the following spells:

 Your Spells              Type           Power      Damage    Failure   Level
a - Beastly Appendage     Tmut           24%        N/A       5%          1
b - Spider Form           Tmut/Pois      11%        N/A       17%         3
c - Ice Form              Ice/Tmut       9%         N/A       61%         4

Your spell library contained the following spells:

 Spells                   Type           Power      Damage    Failure   Level
 Wereblood                Tmut           12%        N/A       9%          2
 Necrotise                Necr           8%         1d4       19%         1
 Slow                     Hex            8%         N/A       19%         1
 Confusing Touch          Hex            2%         N/A       47%         3
 Vampiric Draining        Necr           2%         2d6       47%         3
 Agony                    Necr           2%         N/A       99%         5


Dungeon Overview and Level Annotations

Branches:
Dungeon (4/15)
 Temple: D:4-7

Altars:
Dithmenos
Elyvilon
Sif Muna

Shops:
D:4 [


Innate Abilities, Weirdness & Mutations

One of your tentacles has grown a beastly spike.
You cannot wear most types of armour.
You are amphibious.
You can wear up to eight rings at the same time.
Your skin changes colour to match your surroundings (Stealth+).
Your rubbery body absorbs attacks. (AC +1, EV +1)
((You are camouflaged when in or above water. (Stealth+)))
You have tentacles for arms and can constrict up to eight enemies at once.


Message History

The gnoll shouts!
You hit the gnoll but do no damage. The gnoll closely misses you.
You barely miss the gnoll. The gnoll completely misses you.
You barely miss the gnoll.
The gnoll hits you from afar with a +0 spear!
The gnoll closely misses you. x2
You hit the gnoll.
The gnoll is lightly wounded.
The gnoll completely misses you. x2; The gnoll closely misses you.
You hit the gnoll but do no damage.
The gnoll is poisoned.
The gnoll is lightly wounded.
The gnoll barely misses you. The gnoll closely misses you.
The gnoll completely misses you. x2
You barely miss the gnoll.
Your transformation has ended.
The gnoll hits you from afar with a +0 spear.
The gnoll barely misses you. The gnoll misses you.
The gnoll closely misses you.
Casting: Spider Form (quite dangerous; 17% risk of failure)
Confirm with . or Enter, or press ? or * to list all spells.
One of your tentacles grows a vicious spike.
The gnoll closely misses you. The gnoll hits you with a +0 flail!
The gnoll closely misses you. The gnoll misses you.
Unknown command.
You tentacle-slap the gnoll. You grab the gnoll.
The gnoll is moderately wounded.
You constrict the gnoll, but do no damage.
The gnoll barely misses you.
The gnoll escapes!
The gnoll hits you with a +0 flail!
* * * LOW HITPOINT WARNING * * *
The gnoll hits you with a +0 club.
* * * LOW HITPOINT WARNING * * *
You feel better. The gnoll closely misses you. The gnoll misses you.
The gnoll hits you with a +0 flail.
* * * LOW HITPOINT WARNING * * *
The gnoll hits you with a +0 club.
* * * LOW HITPOINT WARNING * * *
You feel yourself speed up. The gnoll barely misses you.
The gnoll hits you with a +0 flail!
You die...

..#.......# ..'.......#
..#.......# ..#.......#
..#.......#
###......#############
..#......#...........#
..#......#......g....#..
..#......#......@.g..'..
..#......#......gg..##..
..#.....>'..........#
..#......##########'#
..#.......... ..#
..#........... .#
#............ '
#............ #.
#............


You could see 4 gnolls.

Vanquished Creatures
  Eustachio (D:4)
  A hound (D:4)
  An orc wizard (D:3)
  An adder (D:3)
  A worm (D:2)
  2 dart slugs
  4 orcs
  7 bats
  7 endoplasms
  2 giant cockroaches
  7 goblins
  9 hobgoblins
  A quokka (D:1)
  7 ball pythons
  4 frilled lizards
  A kobold (D:4)
  2 rats (D:1)
58 creatures vanquished.

Notes
Turn   | Place    | Note
-------+----------+-------------------------------------------
     0 | D:1      | Pimp the Octopode Transmuter began the quest for the Orb.
     0 | D:1      | Reached XP level 1. HP: 13/13 MP: 3/3
   100 | D:1      | Reached XP level 2. HP: 16/18 MP: 5/5
   229 | D:1      | Reached skill level 1 in Stealth
   486 | D:1      | Reached XP level 3. HP: 23/23 MP: 6/6
   490 | D:1      | Learned a level 3 spell: Spider Form
  1553 | D:3      | Found a faded altar of an unknown god.
  1610 | D:3      | Reached XP level 4. HP: 18/28 MP: 4/7
  1659 | D:3      | Reached skill level 1 in Poison Magic
  2287 | D:3      | Learned a level 4 spell: Ice Form
  2306 | D:4      | Found Leuwnamn's Armour Emporium.
  2442 | D:4      | Reached XP level 5. HP: 22/34 MP: 8/8
  2701 | D:4      | Found a shadowy altar of Dithmenos.
  2701 | D:4      | Found a shimmering blue altar of Sif Muna.
  2708 | D:4      | Found a white marble altar of Elyvilon.
  2710 | D:4      | Found a faded altar of an unknown god.
  2712 | D:4      | Found a faded altar of an unknown god.
  2810 | D:4      | Noticed Eustachio
  2835 | D:4      | Killed Eustachio
  2836 | D:4      | Reached skill level 1 in Ice Magic
  2836 | D:4      | Reached XP level 6. HP: 31/40 MP: 7/10
  3064 | D:4      | Mangled by a gnoll

Illustrated notes

Levels and vault maps discovered:
D:1:      minmay_arrival_checkered_box, layout_basic
D:2:      layout_basic
D:3:      layout_basic, hellmonk_ecumenical_altar_blasted
D:4:      layout_gridville, chequers_temple_overflow_minitemple, serial_shops,
          nicolae_inconvenience_store, kennysheep_minor_cross, uniq_eustachio

Skill      XL: |  1  2  3  4  5 |
---------------+----------------+-----
Stealth        | 1 2 |  2.0
Poison Magic   | 1 2 |  2.7
Fighting       | 2 |  2.3
Ice Magic      | 1 |  1.1
Dodging        | |  2.9
Unarmed Combat | |  3.7
Spellcasting   | |  2.8
Transmutations | |  2.8

Action                     |  1- 3 |  4- 6 || total
---------------------------+-------+-------++-------
  Melee: Unarmed           |    85 |    64 ||   149
         Constrict         |    17 |    17 ||    34
         Tentacles         |    12 |    10 ||    22
         Punch             |     2 |       ||     2
         Kick              |    12 |    12 ||    24
  Throw: Dart              |     1 |       ||     1
   Cast: Beastly Appendage |     7 |     6 ||    13
         Spider Form       |       |     2 ||     2
    Use: Scroll            |     7 |     1 ||     8
         Potion            |     4 |     2 ||     6
   Stab: Sleeping          |     6 |     3 ||     9
 Armour: Skin              |     7 |     3 ||    10
  Dodge: Dodged            |    73 |   104 ||   177

Table legend: (Time is in decaauts)
 A = Elapsed time spent in this place.
 B = Non-inter-level travel time spent in this place.
 C = Inter-level travel time spent in this place.
 D = Time resting spent in this place.
 E = Time spent auto-exploring this place.
 F = Levels seen in this place.
 G = Mean time per level.
                   A        B        C        D        E       F      G
               +--------+--------+--------+--------+--------+-----+--------+
         Total |   3053 |   2874 |    179 |    497 |   1839 |   4 |  763.2 |
       Dungeon |   3053 |   2874 |    179 |    497 |   1839 |   4 |  763.2 |
               +--------+--------+--------+--------+--------+-----+--------+

Top non-repeatable levels by time:
     D:3: 875 daAuts
     D:4: 772 daAuts
     D:1: 745 daAuts
     D:2: 659 daAuts
